TOP OF THE 1ST |
Hudson Valley Renegades batting - Pitching for Tri-City ValleyCats : RHP Ryan Hoagland
|
Pitching: RHP Ryan Hoagland
|
|
Batting: LHB Dan Hunt
|
0-0: Called Strike 0-1: Ground out 5-3 (Groundball, 56S, EV 86.9 MPH)
|
Batting: SHB Josif Popovski
|
0-0: Ball 1-0: Called Strike 1-1: Ball 2-1: Ground out 6-3 (Groundball, 6S, EV 70.0 MPH)
|
Batting: LHB Jonathan Spino
|
0-0: Ground out 6-3 (Groundball, 6M, EV 99.4 MPH)
|
Top of the 1st over - 0 runs, 0 hits, 0 errors, 0 left on base; Hudson Valley 0 - Tri-City 0 |
BOTTOM OF THE 1ST |
Tri-City ValleyCats batting - Pitching for Hudson Valley Renegades : RHP Cameron Bianchi
|
Pitching: RHP Cameron Bianchi
|
|
Batting: RHB Omar Amaya
|
0-0: DOUBLE (Line Drive, 7LS, EV 95.0 MPH)
|
Batting: LHB Jackson Trottier
|
0-0: Ball 1-0: Called Strike 1-1: Ground out U3 (Groundball, 3, EV 88.1 MPH) Omar Amaya to third
|
Batting: LHB Josh Corkery
|
0-0: Ball 1-0: Fly out, F8 (Flyball, 8RM, EV 95.6 MPH)
|
Batting: LHB Wade Girard
|
0-0: Foul Ball, location: 2F 0-1: Ball 1-1: Swinging Strike 1-2: Ball 2-2: Ball 3-2: Base on Balls
|
Batting: SHB Sean Hill
|
0-0: Ball 1-0: Fly out, F9 (Line Drive, 9LM, EV 86.2 MPH)
|
Bottom of the 1st over - 0 runs, 1 hit, 0 errors, 2 left on base; Hudson Valley 0 - Tri-City 0 |
TOP OF THE 2ND |
Hudson Valley Renegades batting - Pitching for Tri-City ValleyCats : RHP Ryan Hoagland
|
Batting: RHB Alex Koral
|
0-0: Called Strike 0-1: Called Strike 0-2: Ball 1-2: Ball 2-2: Ball 3-2: Ground out 5-3 (Groundball, 5S, EV 72.5 MPH)
|
Batting: RHB Jon Gonzales
|
0-0: Called Strike 0-1: Fly out, F3 (Line Drive, 34, EV 68.1 MPH)
|
Batting: SHB Joshua Jackson
|
0-0: Ball 1-0: Called Strike 1-1: Foul Ball, location: 2F 1-2: Ground out 6-3 (Groundball, 6M, EV 80.6 MPH)
|
Top of the 2nd over - 0 runs, 0 hits, 0 errors, 0 left on base; Hudson Valley 0 - Tri-City 0 |
BOTTOM OF THE 2ND |
Tri-City ValleyCats batting - Pitching for Hudson Valley Renegades : RHP Cameron Bianchi
|
Batting: RHB Drew Coleman
|
0-0: Ball 1-0: Ball 2-0: Foul Ball, location: 2F 2-1: Ball 3-1: Ground out 5-3 (Groundball, 56S, EV 71.2 MPH)
|
Batting: RHB Kieron Clark
|
0-0: DOUBLE (Flyball, 8LD, EV 111.2 MPH)
|
Batting: RHB Ray Souza
|
0-0: Ball 1-0: Called Strike 1-1: Called Strike 1-2: Ball 2-2: Ground out 5-3 (Groundball, 5S, EV 93.1 MPH)
|
Batting: RHB Patrick Pinault
|
0-0: Foul Ball, location: 2F 0-1: Ball 1-1: Foul Ball, location: 2F 1-2: Fly out, F8 (Flyball, 8LS, EV 76.2 MPH)
|
Bottom of the 2nd over - 0 runs, 1 hit, 0 errors, 1 left on base; Hudson Valley 0 - Tri-City 0 |
TOP OF THE 3RD |
Hudson Valley Renegades batting - Pitching for Tri-City ValleyCats : RHP Ryan Hoagland
|
Batting: RHB Evan Chalarian
|
0-0: Ball 1-0: Ball 2-0: Ball 3-0: Swinging Strike 3-1: Base on Balls
|
Batting: SHB Chris Lockart
|
0-0: Ball 1-0: Grounds into double play, 4-6-3 (Groundball, 4, EV 105.6 MPH)
|
Batting: LHB Alex Genao
|
0-0: Foul Ball, location: 2F 0-1: Foul Ball, location: 2F 0-2: Ball 1-2: Foul Ball, location: 2F 1-2: Ball 2-2: Ball 3-2: Strikes out looking
|
Top of the 3rd over - 0 runs, 0 hits, 0 errors, 0 left on base; Hudson Valley 0 - Tri-City 0 |
BOTTOM OF THE 3RD |
Tri-City ValleyCats batting - Pitching for Hudson Valley Renegades : RHP Cameron Bianchi
|
Batting: RHB Omar Amaya
|
0-0: Called Strike 0-1: Ball 1-1: Called Strike 1-2: Ball 2-2: Strikes out looking
|
Batting: LHB Jackson Trottier
|
0-0: Ball 1-0: Called Strike 1-1: SINGLE (Groundball, 34S, EV 65.6 MPH) (infield hit)
|
Batting: LHB Josh Corkery
|
0-0: Ball 1-0: Called Strike 1-1: Ball 2-1: Fly out, F7 (Flyball, 78M, EV 92.5 MPH)
|
Batting: LHB Wade Girard
|
0-0: Called Strike 0-1: Ball 1-1: Ball 2-1: Swinging Strike Passed Ball! Jackson Trottier to second 2-2: Ground out 3-1 (Groundball, 34, EV 83.1 MPH)
|
Bottom of the 3rd over - 0 runs, 1 hit, 0 errors, 1 left on base; Hudson Valley 0 - Tri-City 0 |
TOP OF THE 4TH |
Hudson Valley Renegades batting - Pitching for Tri-City ValleyCats : RHP Ryan Hoagland
|
Batting: LHB Dan Hunt
|
0-0: Called Strike 0-1: Foul Ball, location: 2F 0-2: DOUBLE (Flyball, 78D, EV 100.0 MPH)
|
Batting: SHB Josif Popovski
|
0-0: Ball Wild Pitch! Dan Hunt to third Squeeze bunt is on, Dan Hunt is out 1-1: Swinging Strike 1-2: Ground out 6-3 (Groundball, 6, EV 85.6 MPH)
|
Batting: LHB Jonathan Spino
|
0-0: Fly out, F5 (Flyball, 5D, EV 89.4 MPH)
|
Top of the 4th over - 0 runs, 1 hit, 0 errors, 0 left on base; Hudson Valley 0 - Tri-City 0 |
BOTTOM OF THE 4TH |
Tri-City ValleyCats batting - Pitching for Hudson Valley Renegades : RHP Cameron Bianchi
|
Batting: SHB Sean Hill
|
0-0: Foul Ball, location: 2F 0-1: Called Strike 0-2: Ball 1-2: Ball 2-2: Ball 3-2: Foul Ball, location: 2F 3-2: DOUBLE (Flyball, 8RXD, EV 113.1 MPH)
|
Batting: RHB Drew Coleman
|
0-0: Called Strike 0-1: Ground out 6-3 (Groundball, 6, EV 87.5 MPH)
|
Batting: RHB Kieron Clark
|
0-0: Foul Ball, location: 2F 0-1: Ball 1-1: Ball 2-1: Foul Ball, location: 2F 2-2: Fly out, F3 (Popup, 34S, EV 78.1 MPH)
|
Batting: RHB Ray Souza
|
0-0: Ball 1-0: Called Strike 1-1: Called Strike 1-2: Ground out 1-3 (Groundball, 13S, EV 60.0 MPH)
|
Bottom of the 4th over - 0 runs, 1 hit, 0 errors, 1 left on base; Hudson Valley 0 - Tri-City 0 |
TOP OF THE 5TH |
Hudson Valley Renegades batting - Pitching for Tri-City ValleyCats : RHP Ryan Hoagland
|
Batting: RHB Alex Koral
|
0-0: Ball 1-0: Ground out U3 (Groundball, 3S, EV 83.1 MPH)
|
Batting: RHB Jon Gonzales
|
0-0: Ball 1-0: Reached on error, E6 (Groundball, 6M, EV 92.5 MPH)
|
Batting: SHB Joshua Jackson
|
0-0: Ball 1-0: Ball 2-0: Called Strike 2-1: Ball Wild Pitch! Jon Gonzales to second 3-1: Foul Ball, location: 2F 3-2: Foul Ball, location: 2F 3-2: Strikes out swinging
|
Batting: RHB Evan Chalarian
|
0-0: Called Strike 0-1: Called Strike 0-2: SINGLE (Groundball, 4MS, EV 64.4 MPH) (infield hit) Jon Gonzales to third
|
Batting: SHB Chris Lockart
|
0-0: Ball 1-0: Ball 2-0: Ball 3-0: Base on Balls Evan Chalarian to second
|
Batting: LHB Alex Genao
|
0-0: Hit by Pitch Jon Gonzales scores Evan Chalarian to third Chris Lockart to second
|
Batting: LHB Dan Hunt
|
0-0: Ball 1-0: Called Strike 1-1: Swinging Strike 1-2: Ball 2-2: Strikes out looking
|
Top of the 5th over - 1 run, 1 hit, 1 error, 3 left on base; Hudson Valley 1 - Tri-City 0 |
BOTTOM OF THE 5TH |
Tri-City ValleyCats batting - Pitching for Hudson Valley Renegades : RHP Cameron Bianchi
|
Batting: RHB Patrick Pinault
|
0-0: Ball 1-0: Called Strike 1-1: Foul Ball, location: 2F 1-2: SINGLE (Line Drive, 78M, EV 101.9 MPH)
|
Batting: RHB Omar Amaya
|
0-0: Foul Ball, location: 2F 0-1: Grounds into double play, 6-4-3 (Groundball, 6, EV 94.4 MPH)
|
Batting: LHB Jackson Trottier
|
0-0: Ball 1-0: Ball 2-0: Called Strike 2-1: Foul Ball, location: 2F 2-2: Ball 3-2: Base on Balls
|
Batting: LHB Josh Corkery
|
0-0: Hit by Pitch Jackson Trottier to second
|
Batting: LHB Wade Girard
|
0-0: Swinging Strike 0-1: Swinging Strike 0-2: Strikes out looking
|
Bottom of the 5th over - 0 runs, 1 hit, 0 errors, 2 left on base; Hudson Valley 1 - Tri-City 0 |
TOP OF THE 6TH |
Hudson Valley Renegades batting - Pitching for Tri-City ValleyCats : RHP Ryan Hoagland
|
Batting: SHB Josif Popovski
|
0-0: Called Strike 0-1: Ball 1-1: Ground out 6-3 (Groundball, 6, EV 83.1 MPH)
|
Batting: LHB Jonathan Spino
|
0-0: Ball 1-0: Called Strike 1-1: Ball 2-1: Called Strike 2-2: Strikes out swinging
|
Batting: RHB Alex Koral
|
0-0: SINGLE (Line Drive, 34, EV 96.2 MPH)
|
Batting: RHB Jon Gonzales
|
0-0: Ball 1-0: Called Strike Alex Koral steals 2nd base 1-1: SINGLE (Groundball, 4D, EV 97.5 MPH) Alex Koral to third Runner from 3rd tries for Home, SAFE, throw by RF to home
|
Batting: SHB Joshua Jackson
|
0-0: Ball 1-0: Called Strike 1-1: Ground out 6-3 (Groundball, 6S, EV 91.9 MPH)
|
Top of the 6th over - 1 run, 2 hits, 0 errors, 1 left on base; Hudson Valley 2 - Tri-City 0 |
BOTTOM OF THE 6TH |
Tri-City ValleyCats batting - Pitching for Hudson Valley Renegades : RHP Cameron Bianchi
|
Batting: SHB Sean Hill
|
0-0: Swinging Strike 0-1: Foul Ball, location: 2F 0-2: Strikes out swinging
|
Batting: RHB Drew Coleman
|
0-0: Called Strike 0-1: Foul Ball, location: 2F 0-2: Fly out, F7 (Flyball, 78M, EV 82.5 MPH)
|
Batting: RHB Kieron Clark
|
0-0: Hit by Pitch
|
Batting: RHB Ray Souza
|
0-0: Ball 1-0: Ball 2-0: Ball 3-0: Called Strike 3-1: Called Strike 3-2: Foul Ball, location: 2F 3-2: Base on Balls Kieron Clark to second
|
Batting: RHB Patrick Pinault
|
0-0: Ball 1-0: Ball 2-0: Called Strike 2-1: Foul Ball, location: 2F 2-2: SINGLE (Line Drive, 8RS, EV 108.1 MPH) Kieron Clark to third Ray Souza to second
|
Batting: RHB Omar Amaya
|
0-0: Fly out, F7 (Flyball, 78M, EV 95.6 MPH)
|
Bottom of the 6th over - 0 runs, 1 hit, 0 errors, 3 left on base; Hudson Valley 2 - Tri-City 0 |
TOP OF THE 7TH |
Hudson Valley Renegades batting - Pitching for Tri-City ValleyCats : RHP Ryan Hoagland
|
Batting: RHB Evan Chalarian
|
0-0: Ball 1-0: Called Strike 1-1: Swinging Strike 1-2: Ball 2-2: Ball 3-2: SINGLE (Line Drive, 78S, EV 86.2 MPH)
|
Batting: SHB Chris Lockart
|
0-0: Sac Bunt to 13S - play at first, batter OUT! 1-3 Evan Chalarian to second
|
Batting: LHB Alex Genao
|
0-0: Ball 1-0: DOUBLE (Flyball, 8LD, EV 109.4 MPH) Evan Chalarian scores
|
Batting: LHB Dan Hunt
|
0-0: Called Strike 0-1: Called Strike 0-2: Strikes out looking
|
Batting: SHB Josif Popovski
|
0-0: Called Strike 0-1: Ball 1-1: SINGLE (Groundball, 56D, EV 100.0 MPH) Alex Genao to third Runner from 3rd tries for Home, SAFE, throw by LF to home
|
Batting: LHB Jonathan Spino
|
0-0: Ball Josif Popovski steals 2nd base 1-0: Foul Ball, location: 2F 1-1: Called Strike 1-2: Ball 2-2: Strikes out swinging
|
Top of the 7th over - 2 runs, 3 hits, 0 errors, 1 left on base; Hudson Valley 4 - Tri-City 0 |
BOTTOM OF THE 7TH |
Tri-City ValleyCats batting - Pitching for Hudson Valley Renegades : RHP Cameron Bianchi
|
Batting: LHB Jackson Trottier
|
0-0: Ball 1-0: Fly out, F7 (Flyball, 7LSF, EV 92.5 MPH)
|
Batting: LHB Josh Corkery
|
0-0: Ground out 4-3 (Groundball, 4, EV 86.9 MPH)
|
Batting: LHB Wade Girard
|
0-0: Foul Ball, location: 2F 0-1: Ball 1-1: Ground out 4-3 (Groundball, 4MD, EV 95.0 MPH)
|
Bottom of the 7th over - 0 runs, 0 hits, 0 errors, 0 left on base; Hudson Valley 4 - Tri-City 0 |
TOP OF THE 8TH |
Hudson Valley Renegades batting - Pitching for Tri-City ValleyCats : RHP Ryan Hoagland
|
Pitching: RHP Addick Huiberts
|
|
Batting: RHB Alex Koral
|
0-0: Called Strike 0-1: Ball 1-1: Ball 2-1: Ball 3-1: Foul Ball, location: 2F 3-2: TRIPLE (Flyball, 7D, EV 98.8 MPH)
|
Batting: RHB Jon Gonzales
|
0-0: Ball 1-0: Ball 2-0: Called Strike 2-1: DOUBLE (Line Drive, 78M, EV 110.0 MPH) Alex Koral scores
|
Batting: SHB Joshua Jackson
|
0-0: Ball 1-0: Foul Ball, location: 2F 1-1: Ball 2-1: Called Strike 2-2: Foul Ball, location: 2F 2-2: Strikes out looking
|
Batting: RHB Evan Chalarian
|
0-0: Swinging Strike 0-1: Foul Ball, location: 2F 0-2: Fly out, F8 (Flyball, 8RM, EV 82.5 MPH)
|
Batting: SHB Chris Lockart
|
0-0: Ball 1-0: Ball 2-0: Ball 3-0: Called Strike 3-1: Base on Balls
|
Batting: LHB Alex Genao
|
0-0: SINGLE (Groundball, 34D, EV 94.4 MPH) Jon Gonzales to third Chris Lockart to second Runner from 3rd tries for Home, SAFE, throw by RF to home
|
Batting: LHB Dan Hunt
|
0-0: Foul Ball, location: 2F 0-1: Foul Ball, location: 2F 0-2: Ball 1-2: Strikes out looking
|
Top of the 8th over - 2 runs, 3 hits, 0 errors, 2 left on base; Hudson Valley 6 - Tri-City 0 |
BOTTOM OF THE 8TH |
Tri-City ValleyCats batting - Pitching for Hudson Valley Renegades : RHP Cameron Bianchi
|
Pitching: RHP Jesus Elizondo
|
|
Batting: SHB Sean Hill
|
0-0: Ball 1-0: Called Strike 1-1: Fly out, F4 (Line Drive, 4MD, EV 68.1 MPH)
|
Batting: RHB Drew Coleman
|
0-0: Ground out 4-3 (Groundball, 4, EV 98.1 MPH)
|
Batting: RHB Kieron Clark
|
0-0: Ball 1-0: Ball 2-0: Called Strike 2-1: Fly out, F9 (Flyball, 9, EV 86.2 MPH)
|
Bottom of the 8th over - 0 runs, 0 hits, 0 errors, 0 left on base; Hudson Valley 6 - Tri-City 0 |
TOP OF THE 9TH |
Hudson Valley Renegades batting - Pitching for Tri-City ValleyCats : RHP Addick Huiberts
|
Pitching: LHP Glenn Lowther
|
|
Batting: SHB Josif Popovski
|
0-0: Called Strike 0-1: Foul Ball, location: 2F 0-2: Strikes out swinging
|
Batting: LHB Jonathan Spino
|
0-0: Swinging Strike 0-1: Ball 1-1: Foul Ball, location: 2F 1-2: Foul Ball, location: 2F 1-2: Ball 2-2: Ball 3-2: Ground out 6-3 (Groundball, 6MD, EV 111.2 MPH)
|
Batting: RHB Alex Koral
|
0-0: Foul Ball, location: 2F 0-1: Ball 1-1: Foul Ball, location: 2F 1-2: SINGLE (Groundball, 4MD, EV 95.0 MPH)
|
Batting: LHB Rocky Crowley
|
0-0: Ball 1-0: Foul Ball, location: 2F 1-1: Swinging Strike 1-2: Fly out, F7 (Flyball, 78S, EV 96.2 MPH)
|
Top of the 9th over - 0 runs, 1 hit, 0 errors, 1 left on base; Hudson Valley 6 - Tri-City 0 |
BOTTOM OF THE 9TH |
Tri-City ValleyCats batting - Pitching for Hudson Valley Renegades : RHP Jesus Elizondo
|
Batting: RHB Ray Souza
|
0-0: Ball 1-0: Swinging Strike 1-1: Called Strike 1-2: Foul Ball, location: 2F 1-2: Ball 2-2: Ball 3-2: Fly out, F7 (Line Drive, 78M, EV 106.9 MPH)
|
Batting: RHB Patrick Pinault
|
0-0: Foul Ball, location: 2F 0-1: Called Strike 0-2: Fly out, F8 (Flyball, 8RD, EV 78.1 MPH)
|
Batting: RHB Omar Amaya
|
0-0: Ball 1-0: Called Strike 1-1: Ball 2-1: Called Strike 2-2: Ball 3-2: Foul Ball, location: 2F 3-2: Foul Ball, location: 2F 3-2: Foul Ball, location: 2F 3-2: Fly out, F8 (Flyball, 8LM, EV 96.2 MPH)
|
Bottom of the 9th over - 0 runs, 0 hits, 0 errors, 0 left on base; Hudson Valley 6 - Tri-City 0 |
|